 Dungeon Crawl Stone Soup version 0.31.0-32-g396128a36d (webtiles) character file.

Game seed: 3828559928465551002

189 H0rd4k the Insei (level 5, -5/35 HPs)
             Began as an Octopode Artificer on Apr 22, 2024.
             Slain by a river rat (10 damage)
             ... in a sewer.
             The game lasted 00:03:06 (1599 turns).

H0rd4k the Insei (Octopode Artificer)               Turns: 1599, Time: 00:03:07

Health: -5/35      AC: -3    Str: 11    XL:     5   Next: 68%
Magic:  5/5        EV: 13    Int: 16    God:
Gold:   105        SH:  0    Dex: 12    Spells: 4/4 levels left

rFire   + .          .
                       - Unarmed
rCold   . . .        (no shield)
rNeg    . . .        (helmet restricted)
rPois   .            (no amulet)
rElec   .            h - ring of protection from fire
rCorr   .            (no ring)
SInv    .            (no ring)
Will    .....        (no ring)
Stlth   +++          (no ring)
HPRegen 0.25/turn    (no ring)
MPRegen 0.09/turn    (no ring)
                     (no ring)

%: no passive effects
@: corroded
A: almost no armour, amphibious, 8 rings, camouflage 1, gelatinous body 1,
(nimble swimmer 1), tentacles
a: no special abilities


You were in a sewer.
You visited 1 branch of the dungeon, and saw 3 of its levels.
You also visited: Sewer.

You collected 105 gold pieces.

Inventory:

Armour
 k - the orb of Qerhagga {*Rage, Dex+3}
   (You found it on level 3 of the Dungeon)

   Dex+3:     It affects your dexterity (+3).
Jewellery
 h - a ring of protection from fire (left tentacle)
Wands
 b - a wand of flame (9) (quivered)
 c - a wand of charming (11)
 d - a wand of iceblast (5)
Scrolls
 a - a scroll of revelation {unknown}
 e - 2 scrolls of teleportation {unknown}
 f - a scroll of enchant weapon {unknown}
 j - a scroll of vulnerability {unknown}
 l - a scroll of identify {unknown}
Potions
 g - a potion of ambrosia {unknown}
 i - 2 potions of lignification {unknown}
 m - a potion of mutation {unknown}
 n - a potion of might {unknown}


   Skills:
 + Level 2.7 Fighting
 - Level 2.3 Dodging
 - Level 1.3 Stealth
 + Level 4.4 Unarmed Combat
 - Level 3.2 Evocations


You had 4 spell levels left.
You didn't know any spells.
Your spell library was empty.

Dungeon Overview and Level Annotations

Branches:
Dungeon (3/15)              Sewer (1/1)

Altars:

Shops:
D:3 =


Innate Abilities, Weirdness & Mutations

You cannot wear most types of armour.
You are amphibious.
You can wear up to eight rings at the same time.
Your skin changes colour to match your surroundings (Stealth+).
Your rubbery body absorbs attacks. (AC +1, EV +1)
((You are camouflaged when in or above water. (Stealth+)))
You have tentacles for arms and can constrict up to eight enemies at once.


Message History

The frilled lizard attacks as it pursues you!
The frilled lizard barely misses you. The frilled lizard misses you.
The frilled lizard attacks as it pursues you!
The frilled lizard bites you.
The frilled lizard attacks as it pursues you!
The frilled lizard bites you.
The frilled lizard attacks as it pursues you!
The frilled lizard barely misses you.
You enter the shallow water.
The river rat twitches its whiskers.
The frilled lizard attacks as it pursues you!
The frilled lizard misses you.
You closely miss the frilled lizard. You grab the frilled lizard.
You constrict the frilled lizard. The frilled lizard barely misses you.
You tentacle-slap the frilled lizard.
You kill the frilled lizard!
You closely miss the frilled lizard. You grab the frilled lizard.
You constrict the frilled lizard. The frilled lizard bites you.
You bludgeon the frilled lizard!
You kill the frilled lizard!
You barely miss the jelly.
You squeeze the jelly, but do no damage.
The jelly hits you but does no damage.
You tentacle-slap the jelly.
Your tentacles burn!
The jelly is lightly wounded.
The jelly hits you. The acid corrodes you!
You are splashed with acid!
You tentacle-slap the jelly.
Your tentacles burn!
The jelly is heavily wounded.
The jelly hits you.
You are splashed with acid.
* * * LOW HITPOINT WARNING * * *
The river rat barely misses you.
Unknown command.
Aiming: Charm
Press: ? - help, Shift-Dir - straight line, f - jelly
Aim: a jelly (heavily wounded, chance to affect: 66%)
The jelly is charmed.
Something hits your jelly. The frilled lizard bites your jelly.
The frilled lizard is burned by acid!
The frilled lizard dies!
The river rat bites you!
You die...

##...~.~~~ #~.~#
#~J## ##lJ####
##~~....##
######
#.~~..l~∩##
~.~~.#
#.~~###.J.#
...~.#
####.~##.##~.#
###÷÷#
~.~..#..@#..# .
#..#
..~.~##.rJ..# ~~
#..#
.##.~~##~†.##~..
###~.#
#..~#~~~....#
...~~#
#.~†~..~..##
.~~..#
##~.~††..###
######
##...~~~###
##.~......#
#~~~~###~..#


You could see a river rat and a friendly jelly (charmed).

Vanquished Creatures
  A jelly (Sewer)
  4 gnolls
  2 adders (Sewer)
  2 river rats (Sewer)
  3 ribbon worms
  6 ball pythons
  9 endoplasms
  4 giant cockroaches
  3 goblins
  2 hobgoblins
  2 jackals (D:2)
  A kobold (D:2)
  2 quokkas (D:3)
  4 bats
  9 frilled lizards
  5 rats
59 creatures vanquished.

Vanquished Creatures (collateral kills)
  A river rat (Sewer)
  An endoplasm (Sewer)
  A giant cockroach (Sewer)
  A frilled lizard (Sewer)
4 creatures vanquished.

Vanquished Creatures (others)
  A jelly (Sewer)
  A gnoll (D:2)
2 creatures vanquished.

Grand Total: 65 creatures vanquished

Notes
Turn   | Place    | Note
-------+----------+-------------------------------------------
     0 | D:1      | H0rd4k the Octopode Artificer began the quest for the Orb.
     0 | D:1      | Reached XP level 1. HP: 13/13 MP: 1/1
   185 | D:1      | Reached XP level 2. HP: 18/18 MP: 2/2
   226 | D:1      | Reached skill level 1 in Unarmed Combat
   384 | D:2      | Reached XP level 3. HP: 14/24 MP: 3/3
   391 | D:2      | Reached skill level 2 in Unarmed Combat
   622 | D:2      | Reached XP level 4. HP: 7/29 MP: 4/4
   929 | D:3      | Found Focuf's Jewellery Shop.
   937 | D:3      | Noticed a scorpion
   940 | D:3      | Reached skill level 3 in Unarmed Combat
  1041 | D:3      | Identified the orb of Qerhagga {*Rage, Dex+3}
  1086 | D:3      | Found a glowing drain.
  1095 | Sewer    | Entered a sewer
  1323 | Sewer    | Reached XP level 5. HP: 28/35 MP: 5/5
  1392 | Sewer    | Reached skill level 4 in Unarmed Combat
  1579 | Sewer    | Found a viscous altar of Jiyva.
  1599 | Sewer    | Slain by a river rat

Illustrated notes

Levels and vault maps discovered:
D:1:      saegor_arrival_under_anarchy, layout_basic, corexii_hall_statues_i,
          grunt_decor_fettered, nicolae_concentric_dashed_squares_wild
D:2:      layout_loops_ring
D:3:      layout_rooms, gup_sewer_entry_pipe, serial_shops,
          nicolae_shop_waterfront, kennysheep_generic_room_5
Sewer:    sewer_hellmonk_slimy_pipes

Skill      XL: |  1  2  3  4  5 |
---------------+----------------+-----
Unarmed Combat | 1 2 3 4 |  4.4
Fighting       | 2 |  2.7
Dodging        | |  2.3
Stealth        | |  1.3
Evocations     | |  3.2

Action                     |  1- 3 |  4- 6 || total
---------------------------+-------+-------++-------
  Melee: Unarmed           |    72 |    93 ||   165
         Constrict         |    21 |    23 ||    44
         Tentacles         |    17 |    20 ||    37
         Punch             |       |     3 ||     3
  Evoke: Wand              |     4 |     6 ||    10
   Stab: Sleeping          |     5 |     2 ||     7
 Armour: Skin              |    33 |    45 ||    78
  Dodge: Dodged            |    41 |    64 ||   105
